 Dungeon Crawl Stone Soup version 0.20-a0-364-gf2875f6 (webtiles) character file.

627 AlphabetPasta the Charlatan (level 7, -2/52 HPs)
             Began as a Demonspawn Artificer on Dec 26, 2016.
             Slain by a two-headed ogre
             ... wielding a +0 giant spiked club
              (19 damage)
             ... on level 5 of the Dungeon.
             The game lasted 00:21:07 (4705 turns).

AlphabetPasta the Charlatan (Demonspawn Artificer)  Turns: 4705, Time: 00:21:08

Health: -2/52      AC: 10    Str: 20    XL:     7   Next: 23%
Magic:  10/10      EV: 11    Int: 12    God:
Gold:   132        SH:  0    Dex: 13    Spells: 6/6 levels left

rFire  . . .     SeeInvis .     q - +0 hand axe
rCold  . . .     Gourm    +     t - +0 scale mail
rNeg   . . .     Faith    .     (no shield)
rPois  .         Spirit   .     (no helmet)
rElec  .         Reflect  .     (no cloak)
rCorr  .         Harm     .     u - +0 pair of gloves
MR     .....                    (no boots)
Stlth  ..........               j - amulet of the gourmand
                                (no ring)
                                (no ring)

@: mighty
A: slimy green scales 1, powered by death 2, powered by pain 1
a: no special abilities


You were on level 5 of the Dungeon.
You were very full.

You visited 1 branch of the dungeon, and saw 5 of its levels.

You collected 132 gold pieces.

Inventory:

Hand Weapons
 a - a +1 short sword
 q - a +0 hand axe (weapon)
Missiles
 p - 65 bolts
Armour
 b - a +0 leather armour
 t - a +0 scale mail (worn)
 u - a +0 pair of gloves (worn)
 x - the cursed +1 ring mail of Fuex {Str+3, unknown}
   (You took it off an orc on level 4 of the Dungeon)

   It affects your strength (+3).
   It has a curse placed upon it.
Jewellery
 j - an amulet of the gourmand (around neck)
Wands
 c - a wand of flame (20/48)
 d - a wand of enslavement (10/24)
 e - a wand of random effects (6/48)
 s - a wand of lightning (2/15)
 w - a wand of lightning (0/15)
Scrolls
 y - a scroll of enchant weapon
Potions
 g - 2 potions of heal wounds
 i - a potion of brilliance
 m - 3 potions of cancellation
 n - 3 potions of flight
 r - a potion of agility
 v - a potion of magic
Comestibles
 f - 3 bread rations
 h - a beef jerky
 k - 2 meat rations
 l - 3 fruits


   Skills:
 + Level 3.5 Fighting
 - Level 0.8 Short Blades
 * Level 1.9 Axes
 + Level 3.4 Armour
 + Level 3.6 Dodging
 - Level 0.8 Stealth
 * Level 4.6 Evocations


You had 6 spell levels left.
You didn't know any spells.

Dungeon Overview and Level Annotations

Branches:
Dungeon (5/15)             Temple (0/1) D:5

Altars:
Cheibriados

Shops:
D:5 (

Annotations:
D:5 TroubleDarcy's ghost, novice TrCK


Innate Abilities, Weirdness & Mutations

You are partially covered in slimy green scales. (AC +2)
You regenerate health from kills.
You sometimes gain a little power by taking damage.


Message History

You hear a mighty clap of thunder!
The bolt of lightning hits the two-headed ogre.
The two-headed ogre is almost dead.
Evoking this partially-identified wand wasted a few charges.
Evoke which item? (* to show all) (? for menu, Esc to quit)
Zapping:
w - a wand of lightning (?/15) {zapped: 7} (will waste charges)
Press: ? - help, Shift-Dir - straight line, f/p - two-headed ogre
Aim: a two-headed ogre, wielding a giant spiked club and a giant club (almost dead) Nothing appears to happen.
The two-headed ogre hits you but does no damage.
The two-headed ogre hits you with a giant club!
Evoke which item? (* to show all) (? for menu, Esc to quit)
Zapping:
c - a wand of flame (21/48)
Press: ? - help, Shift-Dir - straight line, f/p - two-headed ogre
Aim: a two-headed ogre, wielding a giant spiked club and a giant club (almost dead)
The puff of flame misses the two-headed ogre.
This wand has 20 charges left.
The two-headed ogre hits you with a giant spiked club!
The two-headed ogre hits you with a giant club!!
You die...

,,,**,* *,** *,,,,,....,* ,,,**,*
*,,* *#+#,#....,* ,,,,,,* *#.*
#.#......,* **** ,,,,,,* #.*
#.#.∩.#..,** **≈≈≈ ,,,,,,* #.*
#........,,***≈≈≈≈ ,,,,,,* #.#*
#.#**,,,,,,,,,≈≈,. ,,,,,,* #..*
#.# *,,,,,,,,≈≈,,.
,,,,,,######.###O####.#,*,,≈,,,,≈
,,,,*,..........@.....#,*,,≈,,≈≈.
,,,,***######)##.######,,,,,≈≈,,.
,,,,* #####'##.# *,,,,,,,,,,,⌠≈
,,,,* #........# *,***,,,,,,≈≈Z
,,,,* #........# *,* **,,,,≈,,.
*+*** #........# *,* *,,,,≈,,≈
*,* #........# *,* *,,,,,≈≈. ,,*
#####....# *,***#.,,,,,,. ,,*
#....# *,,,,,.,,,,,,.


You could see a two-headed ogre.

Vanquished Creatures
  A phantom (D:4)
  An ogre (D:5)
  A scorpion (D:3)
  An orc priest (D:4)
  2 jellies
  3 orc wizards
  A worker ant (D:4)
  4 gnolls
  7 adders
  4 worms
  2 dart slugs
  3 leopard geckos
  10 orcs (D:4)
  4 giant cockroaches
  4 goblins
  5 hobgoblins
  2 jackals (D:4)
  8 kobolds
  2 quokkas
  8 bats
  5 frilled lizards
  A giant cockroach zombie (D:5)
  7 rats
86 creatures vanquished.

Vanquished Creatures (collateral kills)
  An orc priest (D:3)
  2 orcs (D:3)
3 creatures vanquished.

Vanquished Creatures (others)
  2 orcs
2 creatures vanquished.

Grand Total: 91 creatures vanquished

Notes
Turn   | Place    | Note
-------+----------+-------------------------------------------
     0 | D:1      | AlphabetPasta the Demonspawn Artificer began the quest for the Orb.
     0 | D:1      | Reached XP level 1. HP: 15/15 MP: 3/3
   463 | D:1      | Gained mutation: You are partially covered in slimy green scales. (AC +2) [demonic ancestry]
   463 | D:1      | Reached XP level 2. HP: 11/21 MP: 4/4
   809 | D:2      | Reached skill level 1 in Armour
  1060 | D:2      | Reached XP level 3. HP: 16/26 MP: 5/5
  2151 | D:3      | Gained mutation: You regenerate a little health from kills. [demonic ancestry]
  2151 | D:3      | Reached XP level 4. HP: 31/33 MP: 6/6
  2356 | D:3      | Gained mutation: You sometimes gain a little power by taking damage. [demonic ancestry]
  2356 | D:3      | Reached XP level 5. HP: 39/39 MP: 7/7
  3120 | D:4      | Reached skill level 4 in Evocations
  3574 | D:3      | Gained mutation: You regenerate health from kills. [demonic ancestry]
  3574 | D:3      | Reached XP level 6. HP: 15/46 MP: 9/9
  3778 | D:4      | Reached skill level 1 in Axes
  3784 | D:4      | Found a snail-covered altar of Cheibriados.
  3798 | D:4      | Got a transparent ring mail
  4397 | D:5      | Entered Level 5 of the Dungeon
  4520 | D:5      | Noticed TroubleDarcy's ghost (novice TrCK)
  4606 | D:5      | Reached XP level 7. HP: 35/52 MP: 10/10
  4694 | D:5      | Noticed a two-headed ogre
  4695 | D:5      | Found Nainn's Antique Weapon Emporium.
  4705 | D:5      | Slain by a two-headed ogre

Vault maps used:
D:1:      saegor_arrival_simple_a, serial_glass, glass_columns_c,
          glass_columns_c
D:2:      first_bread
D:4:      cheibriados_altar_1
D:5:      cheibrodos_helix_gallery, serial_shops, nicolae_shop_stone,
          uniq_prince_ribbit1

Skill      XL: |  1  2  3  4  5  6 |
---------------+-------------------+-----
Dodging        | 2 3 |  3.6
Armour         | 1 2 3 |  3.4
Fighting       | 2 3 |  3.5
Evocations     | 4 |  4.6
Axes           | 1 |  1.9
Short Blades   | |  0.8
Stealth        | |  0.8

Action                   |  1- 3 |  4- 6 |  7- 9 || total
-------------------------+-------+-------+-------++-------
Melee: Short sword       |   164 |   111 |       ||   275
       Hand axe          |       |    98 |     2 ||   100
Evoke: Wand              |     5 |    35 |     9 ||    49
  Use: Scroll            |     6 |     7 |       ||    13
       Potion            |       |     1 |       ||     1
 Stab: Sleeping          |     1 |     1 |       ||     2
       Distracted        |     1 |       |       ||     1
  Eat: Chunk             |    17 |     8 |       ||    25
Armor: Leather armour    |    56 |     9 |       ||    65
       Scale mail        |       |    75 |     1 ||    76
Dodge: Dodged            |   121 |    90 |     3 ||   214
